 Dungeon Crawl Stone Soup version 0.32-a0-876-gcfddb08e57 (webtiles) character file.

Game seed: 11645627653354065106

3717 porpoise the Skirmisher (level 9, -3/74 HPs)
             Began as a Minotaur Hunter on Apr 2, 2024.
             Was an Elder of Hepliaklqana.
             Killed from afar by a wretched star (22 damage)
             ... with a lance of force
             ... on level 1 of the Abyss.
             The game lasted 00:20:12 (8086 turns).

porpoise the Skirmisher (Minotaur Hunter)           Turns: 8086, Time: 00:20:13

Health: -3/74      AC:  9    Str: 16    XL:     9   Next: 92%
Magic:  9/9        EV: 17    Int:  6    God:    Hepliaklqana [****..]
Gold:   491        SH:  0    Dex: 18    Spells: 8/8 levels left

rFire   x x .        a - +0 orcbow
rCold   . . .        (shield currently unavailable)
rNeg    . . .        c - +0 leather armour
rPois   +            (helmet restricted)
rElec   .            (no cloak)
rCorr   .            g - +1 pair of gloves
SInv    .            u - +2 pair of boots
Will    .....        (no amulet)
Stlth   ++           i - ring of poison resistance
HPRegen 0.32/turn    s - +5 ring of evasion
MPRegen 0.11/turn

%: no passive effects
@: no status effects
A: reduced essence, horns 2, retaliatory headbutt, [heat vulnerability 2]
a: Renounce Religion, Ancestor Life: Knight, Ancestor Life: Battlemage, Ancestor
Life: Hexer, Recall Ancestor, Ancestor Identity, Transference, Idealise


You were on level 1 of the Abyss.
You worshipped Hepliaklqana.
Hepliaklqana was greatly pleased with you.
You visited 1 branch of the dungeon, and saw 9 of its levels.
You visited the Abyss 1 time.
You also visited: Ossuary.

You collected 491 gold pieces.

Inventory:

Hand Weapons
 a - a +0 orcbow (weapon)
 b - the +12 mace of Conscience {heavy, rC- rN+ rCorr SInv}
   (You found it on level 3 of the Dungeon)

   rC-:       It makes you vulnerable to cold.
   rN+:       It protects you from negative energy.
   SInv:      It lets you see invisible.
   rCorr:     It protects you from acid and corrosion.
 F - a +2 shortbow of electrocution
Missiles
 d - 10 poisoned darts
 y - 2 throwing nets
 D - 2 boomerangs
Armour
 c - a +0 leather armour (worn)
 g - a +1 pair of gloves (worn)
 j - a scarf of invisibility
 u - a +2 pair of boots (worn)
Jewellery
 i - a ring of poison resistance (left hand)
 n - a ring of flight
 s - a +5 ring of evasion (right hand)
 E - a +4 ring of protection
Wands
 H - a wand of flame (1)
Scrolls
 e - a scroll of fog
 h - a scroll of silence
 k - 2 scrolls of vulnerability
 l - a scroll of butterflies
 m - 2 scrolls of immolation
 p - 9 scrolls of teleportation
 r - 5 scrolls of enchant weapon
 t - 2 scrolls of fear
Potions
 f - 3 potions of resistance
 o - a potion of ambrosia
 q - a potion of enlightenment
 v - a potion of might
 x - 2 potions of attraction
 z - a potion of lignification
 A - 2 potions of curing
 B - a potion of haste {unknown}
 C - a potion of cancellation {unknown}


   Skills:
 - Level 9.0 Fighting
 - Level 2.0 Maces & Flails
 * Level 12.7 Ranged Weapons
 - Level 5.0 Armour
 + Level 3.1 Dodging
 - Level 0.7 Stealth
 + Level 1.6 Invocations


You had 8 spell levels left.
You didn't know any spells.
Your spell library contained the following spells:

 Spells                   Type           Power      Damage    Failure   Level
 Ensorcelled Hibernation  Hex/Ice        0%         N/A       65%         2
 Inner Flame              Hex/Fire       0%         N/A       87%         3
 Passwall                 Erth           0%         N/A       87%         3
 Swiftness                Air            0%         N/A       87%         3
 Flame Wave               Conj/Fire      0%         2d4       99%         4
 Sticky Flame             Fire/Alch      0%         2d4       99%         4


Dungeon Overview and Level Annotations

Branches:
Dungeon (9/15)             Temple (0/1) D:4         Ossuary (visited)
   Lair: D:8-11         Orc: D:9-12

Altars:
Elyvilon
Fedhas
Hepliaklqana
Kikubaaqudgha
Makhleb
Vehumet
The Shining One

Shops:
D:1 !

Annotations:
D:9 Erolcha


Innate Abilities, Weirdness & Mutations

Your life essence is reduced to manifest your ancestor. (-10% HP)
You have a pair of horns on your head.
You reflexively headbutt those who attack you in melee.
[You are very vulnerable to heat. (rF--)]


Message History

The arrow barely misses the wretched star.
Unknown command.
Fire: a) +0 orcbow
Press: ? - help, Q - select action, (/) - cycle Shift-Dir - straight line, f/p - wretched star
Aim: a wretched star (lightly damaged, 66% to hit)
You shoot an arrow. The arrow hits the wretched star!
The wretched star is moderately damaged.
Unknown command.
Fire: a) +0 orcbow
Press: ? - help, Q - select action, (/) - cycle Shift-Dir - straight line, f/p - wretched star
Aim: a wretched star (moderately damaged, 66% to hit)
You shoot an arrow.
The arrow hits the wretched star but does no damage.
The wretched star is moderately damaged.
The wretched star glows turbulently.
The lance of force misses you. The small abomination hits you!
* * * LOW HITPOINT WARNING * * *
Fire: a) +0 orcbow
Press: ? - help, Q - select action, (/) - cycle Shift-Dir - straight line, f/p - wretched star
Aim: a wretched star (moderately damaged, 66% to hit)
You shoot an arrow.
The arrow hits the wretched star but does no damage.
The wretched star is moderately damaged.
The small abomination closely misses you.
Fire: a) +0 orcbow
Press: ? - help, Q - select action, (/) - cycle Shift-Dir - straight line, f/p - wretched star
Aim: a wretched star (moderately damaged, 66% to hit)
You shoot an arrow.
The arrow closely misses the wretched star.
The small abomination hits you but does no damage.
Fire: a) +0 orcbow
Press: ? - help, Q - select action, (/) - cycle Shift-Dir - straight line, f/p - wretched star
Aim: a wretched star (moderately damaged, 66% to hit)
You shoot an arrow. The arrow hits the wretched star.
The wretched star is moderately damaged.
The small abomination closely misses you.
The wretched star glows turbulently.
The lance of force hits you!!
You die...
Hepliaklqana delivers you to your ancestors.

. . ♣ ~ . ♣ .
. ~~ ... . . .
. .#.. ~ . .
~♣ ≈ .. ~ ♣
######### ## #
#.##../.=# .#
##.#
####..#@*# .
.##
#.#....#x.#
#...##
###.#.##.#...#
.#....##..##
..#..# # #.
##...###
...### #
#...#...#. .#
# ..#.#.# #
.....# #.#
##.## #. .#. #
# ###..##..# .
#..#


You could see a wretched star and a small abomination.

Vanquished Creatures
  Grinder (D:4)
  Prince Ribbit (D:5)
  A yak (D:9)
  A neqoxec (Abyss:1)
  2 water moccasins
  2 orc warriors
  An ice beast (D:5)
  A sky beast (D:8)
  3 black bears
  3 ogres
  3 centaurs (D:8)
  A phantom (D:7)
  2 elf zombies (Ossuary)
  A gnoll sergeant (D:7)
  2 scorpions
  6 killer bees
  A crimson imp (D:8)
  2 centaur zombies (Ossuary)
  An orc priest (D:7)
  2 hounds
  2 human zombies (Ossuary)
  A gnoll bouda (D:6)
  2 jellies
  A sleepcap (D:4)
  4 iguanas
  4 orc wizards
  2 mummies (Ossuary)
  2 hound zombies (Ossuary)
  6 adders
  6 gnolls
  A ribbon worm zombie (D:6)
  8 adder zombies (Ossuary)
  A dart slug (D:5)
  2 ribbon worms (D:3)
  15 orcs
  5 bats
  4 endoplasms
  3 giant cockroaches
  2 gnoll zombies (Ossuary)
  5 hobgoblins
  2 jackals (D:1)
  5 quokkas
  8 ball pythons
  2 frilled lizards
  5 goblins
  2 jackal zombies
  10 kobolds
  4 kobold zombies (Ossuary)
  2 orc zombies (Ossuary)
  5 rats
158 creatures vanquished.

Vanquished Creatures (collateral kills)
  A centaur (D:6)
  A centaur zombie (Ossuary)
  A hound (D:5)
  An orc wizard (D:7)
  3 gnolls
  2 adder zombies (Ossuary)
  4 orcs
  3 gnoll zombies (Ossuary)
  2 jackal zombies (Ossuary)
  A kobold zombie (Ossuary)
  2 orc zombies (Ossuary)
21 creatures vanquished.

Vanquished Creatures (others)
  4 ancestors
4 creatures vanquished.

Grand Total: 183 creatures vanquished

Notes
Turn   | Place    | Note
-------+----------+-------------------------------------------
     0 | D:1      | porpoise the Minotaur Hunter began the quest for the Orb.
     0 | D:1      | Reached XP level 1. HP: 18/18 MP: 0/0
   118 | D:1      | Reached XP level 2. HP: 25/25 MP: 1/1
   154 | D:1      | Reached skill level 1 in Armour
   185 | D:1      | Found Guymol's Distillery.
   858 | D:2      | Reached skill level 5 in Ranged Weapons
   887 | D:2      | Reached XP level 3. HP: 31/31 MP: 2/2
  1341 | D:3      | Identified the +12 mace of Conscience {heavy, rC- rN+ rCorr
                  | SInv}
  1385 | D:3      | Identified the +0 robe "Pobom" {rF- rN+ Will+ Slay+2}
  1629 | D:3      | Reached XP level 4. HP: 38/38 MP: 3/3
  1691 | D:3      | Found an ancient bone altar of Kikubaaqudgha.
  1951 | D:3      | Found a hazy altar of Hepliaklqana.
  1956 | D:3      | Became a worshipper of Hepliaklqana the Forgotten
  2326 | D:4      | Found a staircase to the Ecumenical Temple.
  2338 | D:4      | Noticed Grinder
  2353 | D:4      | Reached XP level 5. HP: 41/46 MP: 4/4
  2353 | D:4      | Paralysed by Grinder for 2 turns
  2357 | D:4      | Killed Grinder
  2358 | D:4      | Reached skill level 6 in Ranged Weapons
  2358 | D:4      | Reached XP level 6. HP: 19/53 MP: 5/5
  2793 | D:4      | Found a blossoming altar of Fedhas.
  2819 | D:4      | Reached skill level 7 in Ranged Weapons
  2992 | D:5      | Entered Level 5 of the Dungeon
  3020 | D:5      | Reached skill level 1 in Maces & Flails
  3020 | D:5      | Reached XP level 7. HP: 58/60 MP: 6/6
  3032 | D:5      | Noticed Prince Ribbit
  3047 | D:5      | Reached skill level 5 in Fighting
  3050 | D:5      | Killed Prince Ribbit
  3131 | D:5      | Reached skill level 8 in Ranged Weapons
  3229 | D:5      | Reached skill level 5 in Armour
  3379 | D:5      | Reached * piety under Hepliaklqana
  3389 | D:5      | Reached XP level 8. HP: 63/63 MP: 7/7
  4178 | D:5      | Reached skill level 9 in Ranged Weapons
  4353 | D:5      | You fall into a shaft and drop 2 floors!
  4356 | D:7      | Reached ** piety under Hepliaklqana
  4425 | D:6      | Found a sand-covered staircase.
  4441 | Ossuary  | Entered an ossuary
  4689 | Ossuary  | Reached skill level 10 in Ranged Weapons
  5335 | D:6      | Reached XP level 9. HP: 70/72 MP: 8/8
  5776 | D:7      | Reached skill level 11 in Ranged Weapons
  5885 | D:7      | Reached *** piety under Hepliaklqana
  6227 | D:7      | Found a white marble altar of Elyvilon.
  7167 | D:8      | Reached skill level 12 in Ranged Weapons
  7314 | D:8      | Reached **** piety under Hepliaklqana
  7317 | D:8      | Found a glowing golden altar of the Shining One.
  7378 | D:8      | Reached skill level 1 in Invocations
  7782 | D:8      | Found a burning altar of Makhleb.
  7783 | D:8      | Found a radiant altar of Vehumet.
  7973 | D:9      | Noticed Erolcha
  7978 | Abyss:1  | Cast into level 1 of the Abyss (Erolcha)
  8077 | Abyss:1  | Noticed a wretched star
  8086 | Abyss:1  | Killed from afar by a wretched star

Illustrated notes

Levels and vault maps discovered:
D:1:      wander_arrival_estate, layout_rooms, serial_shops, shop
D:2:      layout_basic, grunt_ministairs_4
D:3:      layout_loops_cross, worldfamousw_hep_ancestral_shrine,
          mainiacjoe_overflow_concentric_impassable
D:4:      layout_rooms, fedhas_altar_2, temple_statues, uniq_grinder
D:5:      minmay_general_purpose_star, layout_layer_cave, uniq_prince_ribbit1
D:6:      layout_loops_ring, enter_ossuary_3
D:7:      layout_layer_cave, elyvilon_altar_5
D:8:      layout_cave_pools, grunt_temple_overflow_lords_of_destruction,
          tso_oasis_becter
D:9:      layout_gridville, mainiacjoe_overflow_cross_hatched, orc_0_dummy,
          enter_bailey_2, serial_shops, nicolae_shop_behind_doors, uniq_erolcha
Abyss:1:  base: Temple, evilmike_abyss_exit_13,
          hangedman_abyss_or_decor_jellyfish_corner

Skill      XL: |  1  2  3  4  5  6  7  8  9 |
---------------+----------------------------+-----
Armour         | 1 2 3 4 5 |  5.0
Fighting       | 3 4 5 7 9 |  9.0
Ranged Weapons | 5 6 7 8 10 12 | 12.7
Maces & Flails | 1 2 |  2.0
Invocations    | 1 |  1.6
Dodging        | 3 |  3.1
Stealth        | |  0.7

Action                     |  1- 3 |  4- 6 |  7- 9 || total
---------------------------+-------+-------+-------++-------
  Melee: Mace              |     5 |     6 |    23 ||    34
         Headbutt          |       |       |     5 ||     5
   Fire: Shortbow          |   119 |    97 |   256 ||   472
         Orcbow            |       |       |   154 ||   154
 Invoke: Ancestor Identity |       |       |     1 ||     1
         Recall Ancestor   |       |       |     1 ||     1
    Use: Scroll            |     1 |     1 |    15 ||    17
 Armour: Leather armour    |    42 |    19 |    81 ||   142
  Dodge: Dodged            |    29 |    22 |   129 ||   180

Table legend: (Time is in decaauts)
 A = Elapsed time spent in this place.
 B = Non-inter-level travel time spent in this place.
 C = Inter-level travel time spent in this place.
 D = Time resting spent in this place.
 E = Time spent auto-exploring this place.
 F = Levels seen in this place.
 G = Mean time per level.
                   A        B        C        D        E       F      G
               +--------+--------+--------+--------+--------+-----+--------+
         Total |   8121 |   7880 |    241 |   1581 |   4949 |  11 |  738.3 |
       Dungeon |   7591 |   7350 |    241 |   1468 |   4861 |   9 |  843.4 |
         Abyss |    106 |    106 |      0 |      0 |     88 |   1 |  106.0 |
       Ossuary |    423 |    423 |      0 |    113 |      0 |   1 |  423.0 |
               +--------+--------+--------+--------+--------+-----+--------+

Top non-repeatable levels by time:
     D:5: 1658 daAuts
     D:7: 1377 daAuts
     D:3: 949 daAuts
     D:2: 860 daAuts
     D:8: 828 daAuts
     D:4: 739 daAuts
     D:6: 609 daAuts
     D:1: 481 daAuts
 Ossuary: 423 daAuts
 Abyss:1: 106 daAuts
     D:9: 86 daAuts
